 Dungeon Crawl Stone Soup version 0.21.1-1-g345015f (webtiles) character file.

107 letownia2 the Magician (level 4, -2/30 HPs)
             Began as a Merfolk Wizard on Mar 9, 2018.
             Slain by an orc priest
             ... wielding a +0 mace
              (5 damage)
             ... on level 3 of the Dungeon.
             The game lasted 00:05:44 (957 turns).

letownia2 the Magician (Merfolk Wizard)              Turns: 957, Time: 00:05:45

Health: -2/30      AC:  2    Str:  8    XL:     4   Next: 85%
Magic:  5/8        EV: 13    Int: 17    God:
Gold:   39         SH:  0    Dex: 12    Spells: 0/9 levels left

rFire    . . .     SeeInvis .   g - +0 dagger
rCold    . . .     Gourm    .   (no shield)
rNeg     . . .     Faith    .   a - +0 robe
rPois    .         Spirit   .   b - +0 hat
rElec    .         Reflect  .   (no cloak)
rCorr    .         Harm     .   (no gloves)
MR       .....                  (no boots)
Stlth    +.........             (no amulet)
HPRegen  0.10/turn              (no ring)
MPRegen  0.11/turn              (no ring)

@: confused, very slightly contaminated
A: change form in water, swift swim, stealthy swim
a: no special abilities


You were on level 3 of the Dungeon.
You were hungry.

You visited 1 branch of the dungeon, and saw 3 of its levels.

You collected 39 gold pieces.

Inventory:

Hand Weapons
 g - a +0 dagger (weapon)
 j - a cursed -2 shortbow
Armour
 a - a +0 robe (worn)
 b - a +0 hat (worn)
 h - a +0 leather armour
 q - a +0 leather armour
Scrolls
 e - a scroll of fog {unknown}
 f - a scroll of remove curse {unknown}
 k - a scroll of teleportation {unknown}
 l - a scroll of magic mapping {unknown}
 n - 2 scrolls of identify {unknown}
Potions
 i - a potion of ambrosia {unknown}
 m - a potion of curing {unknown}
 o - a potion of heal wounds {unknown}
 p - a potion of magic
Books
 c - a book of Minor Magic

   Spells                             Type                      Level
   a - Magic Dart                     Conjuration                  1
   b - Blink                          Translocation                2
   c - Call Imp                       Summoning                    2
   d - Slow                           Hexes                        2
   e - Conjure Flame                  Conjuration/Fire             3
   f - Mephitic Cloud                 Conjuration/Poison/Air       3
Comestibles
 d - 4 rations
 r - 2 chunks of flesh


   Skills:
 - Level 2.6 Dodging
 - Level 2.1 Stealth
 - Level 3.0 Spellcasting
 - Level 2.2 Conjurations
 - Level 2.3 Summonings
   Level 0.7 Translocations
 + Level 0.2 Fire Magic
 + Level 1.1 Air Magic
 + Level 1.6 Poison Magic


You couldn't memorise any spells.
You knew the following spells:

 Your Spells              Type           Power        Failure   Level  Hunger
a - Magic Dart            Conj           ##..         7%          1    None
c - Conjure Flame         Conj/Fire      #.......     30%         3    ###....
e - Mephitic Cloud        Conj/Pois/Air  #.......     26%         3    ###....
i - Call Imp              Summ           ##......     10%         2    ##.....


Dungeon Overview and Level Annotations

Branches:
Dungeon (3/15)

Altars:
Dithmenos
Gozag
Okawaru


Message History

It was a potion of magic.
Magic courses through your body. The orc priest hits you with a mace!
* * * LOW HITPOINT WARNING * * *
Okay, then.
Casting: Mephitic Cloud
Confirm with . or Enter, or press ? or * to list all spells.
Aiming: Mephitic Cloud
Press: ? - help, Shift-Dir - straight line, f - orc priest
Aim: an orc priest, wielding a mace (lightly wounded) That beam is likely to hit you.
Continue anyway?
The ball explodes into a vile cloud!
The stinking cloud engulfs the orc priest.
The orc priest is lightly wounded.
The stinking cloud engulfs you!
You are engulfed in noxious fumes.
You choke on the stench!
You are confused.
You hear an angry hiss.
The orc priest is engulfed in noxious fumes.
The orc priest appears confused.
The orc priest hits you with a mace.
You die...

#. #. ##### #. ....#
#. ###.# #.# # #.#
#.#########.# # #.#
#......@o.(.# # #.#
#..########.#
###.#### #..#...##
##.....# #.......###
##.###.# #.........#
...# #.###..........
##.###..............
#.....####.##.##...
##.#.### #.# .# .#


You could see an orc priest (confused).

Vanquished Creatures
  2 adders
  An adder skeleton (D:3)
  2 dart slugs (D:1)
  2 leopard geckos (D:2)
  2 orcs (D:3)
  2 bats
  2 giant cockroaches
  6 goblins
  5 hobgoblins
  2 jackals (D:3)
  A ball python (D:2)
  2 frilled lizards
  2 kobolds (D:2)
31 creatures vanquished.

Vanquished Creatures (collateral kills)
  A bullfrog (D:2)
  An adder (D:3)
  A worm (D:2)
  2 orcs (D:3)
  A goblin (D:3)
6 creatures vanquished.

Grand Total: 37 creatures vanquished

Notes
Turn   | Place    | Note
-------+----------+-------------------------------------------
     0 | D:1      | letownia2 the Merfolk Wizard began the quest for the Orb.
     0 | D:1      | Reached XP level 1. HP: 13/13 MP: 4/4
    32 | D:1      | Reached skill level 1 in Conjurations
    64 | D:1      | Reached XP level 2. HP: 16/19 MP: 3/6
   129 | D:2      | Learned a level 2 spell: Call Imp
   146 | D:2      | Noticed a bullfrog
   252 | D:2      | Killed a bullfrog
   252 | D:2      | Reached XP level 3. HP: 7/24 MP: 1/7
   268 | D:2      | Learned a level 3 spell: Mephitic Cloud
   297 | D:2      | Found an opulent altar of Gozag.
   308 | D:2      | Reached XP level 4. HP: 11/30 MP: 1/8
   366 | D:2      | Found a shadowy altar of Dithmenos.
   372 | D:2      | Found an iron altar of Okawaru.
   456 | D:1      | Reached skill level 1 in Poison Magic
   690 | D:3      | Reached skill level 1 in Air Magic
   726 | D:3      | Learned a level 3 spell: Conjure Flame
   957 | D:3      | Slain by an orc priest

Skill      XL: |  1  2  3  4 |
---------------+-------------+-----
Conjurations   | 1 2 |  2.2
Summonings     | 2 |  2.3
Poison Magic   | 1 |  1.6
Air Magic      | 1 |  1.1
Dodging        | |  2.6
Stealth        | |  2.1
Spellcasting   | |  3.0
Translocations | |  0.7
Fire Magic     | |  0.2

Action                   |  1- 3 |  4- 6 || total
-------------------------+-------+-------++-------
Melee: Dagger            |    23 |    38 ||    61
 Cast: Magic Dart        |    22 |    40 ||    62
       Call Imp          |     3 |     5 ||     8
       Mephitic Cloud    |       |     3 ||     3
  Use: Potion            |       |     1 ||     1
 Stab: Sleeping          |     1 |     1 ||     2
Armor: Robe              |     1 |     8 ||     9
Dodge: Dodged            |    18 |    36 ||    54
